 Dungeon Crawl Stone Soup version 0.30.0-5-g1a98f26d00 (webtiles) character file.

Game seed: 17026988556895263732

286 GigaChad the Shield-Bearer (level 6, -16/48 HPs)
             Began as a Formicid Fighter on May 10, 2023.
             Was a Follower of Makhleb.
             Killed from afar by Dowan (31 damage)
             ... with a shard of ice
             ... on level 4 of the Dungeon on May 11, 2023.
             The game lasted 00:05:00 (2689 turns).

GigaChad the Shield-Bearer (Formicid Fighter)       Turns: 2689, Time: 00:05:01

Health: -16/48     AC:  8    Str: 22    XL:     6   Next: 56%
Magic:  6/6        EV: 10    Int:  8    God:    Makhleb [*.....]
Gold:   160        SH:  5    Dex: 13    Spells: 5/5 levels left

rFire   . . .        a - +0 war axe (freeze)
rCold   . . .        c - +0 buckler
rNeg    . . .        b - +0 scale mail
rPois   .            (helmet unavailable)
rElec   .            l - +0 cloak
rCorr   .            (no gloves)
SInv    +            (no boots)
Will    .....        (no amulet) Stlth
                     (no ring)
HPRegen 0.28/turn    (no ring)
MPRegen 0.10/turn

%: no passive effects
@: lit by a corona, glowing
A: permanent stasis, dig shafts and tunnels, antennae 3, four strong arms
a: Dig, Shaft Self, Renounce Religion


You were on level 4 of the Dungeon.
You worshipped Makhleb.
Makhleb was aware of your devotion.
You visited 1 branch of the dungeon, and saw 6 of its levels.

You collected 160 gold pieces.

Inventory:

Hand Weapons
 a - a +0 war axe of freezing (weapon)
Armour
 b - a +0 scale mail (worn)
 c - a +0 buckler (worn)
 l - a +0 cloak (worn)
Scrolls
 e - 2 scrolls of enchant weapon {unknown}
 i - a scroll of immolation {unknown}
 j - a scroll of fog {unknown}
Potions
 d - 2 potions of might
 f - a potion of attraction
 g - 3 potions of invisibility {unknown}
 h - a potion of flight {unknown}
 k - a potion of curing {unknown}


   Skills:
 + Level 4.2 Fighting
 + Level 4.5 Axes
 + Level 4.2 Armour
 + Level 1.1 Dodging
 + Level 0.8 Stealth
 + Level 4.8 Shields


You had 5 spell levels left.
You didn't know any spells.
Your spell library contained the following spells:

 Spells                   Type           Power      Damage    Failure   Level
 Slow                     Hex            0%         N/A       80%         1
 Confusing Touch          Hex            0%         N/A       99%         3
 Ozocubu's Armour         Ice            0%         N/A       99%         3
 Vampiric Draining        Necr           0%         2d6       99%         3
 Metabolic Englaciation   Hex/Ice        0%         N/A       100%        5
 Simulacrum               Ice/Necr       0%         N/A       100%        6


Dungeon Overview and Level Annotations

Branches:
Dungeon (6/15)
 Temple: D:4-7

Altars:
Cheibriados
Makhleb
Uskayaw

Shops:
D:2 !

Annotations:
D:4 Dowan


Innate Abilities, Weirdness & Mutations

You cannot be hasted, slowed, berserked, paralysed or teleported.
You can dig through walls and to a lower floor.
You have a pair of large antennae on your head. (SInv)
Your four strong arms can wield two-handed weapons with a shield.


Message History

Dowan mumbles some strange words.
Dowan blinks!
Duvessa hits you with a +0 short sword.
You closely miss Duvessa.
Duvessa is moderately wounded.
Duvessa says, "My weaknesses are his strengths!"
You block Duvessa's attack. Dowan hits you but does no damage.
Duvessa says, "Where magic fails, the sword succeeds!"
Duvessa hits you but does no damage.
You closely miss Duvessa.
Duvessa is moderately wounded.
You miss Dowan. Dowan hits you with a +0 dagger.
Duvessa hits you but does no damage.
You barely miss Duvessa.
Duvessa is moderately wounded.
You barely miss Dowan. Dowan hits you but does no damage.
Duvessa hits you with a +0 short sword.
You slash Duvessa! You freeze Duvessa.
Duvessa is heavily wounded.
You hit Dowan. You freeze Dowan. Dowan gestures at you while chanting.
The puff of flame hits you! You block Duvessa's attack.
You slash Duvessa! You freeze Duvessa.
Duvessa is almost dead.
You hit Dowan. You freeze Dowan. Dowan gestures at you while chanting.
The puff of frost hits you! Duvessa hits you with a +0 short sword.
Dowan's feet meld with the ground, briefly.
Dowan hits you but does no damage. Duvessa hits you with a +0 short sword.
* * * LOW HITPOINT WARNING * * *
You hit Dowan. You freeze Dowan.
Dowan is moderately wounded.
You slash Duvessa! You freeze Duvessa.
You kill Duvessa!
Makhleb accepts your kill.
Dowan seems overcome with grief.
Dowan seems to find hidden reserves of power!
Dowan casts a spell at you. The shard of ice hits you!!
Ouch! That really hurt!
You die...

#.#.####.#####.#
#.#............#
#######.######.#######
........# #.#..
######### #.#.# #.#.#
#.#.# #.#)# #.# #.#@#
#.# #.#e# #.# #.#.#
#.# #.#.# #.# #.#.#
#.# #.#.####.##
#..†......#
###<####### ###


You could see Dowan (fast, empowered).

Vanquished Creatures
  Sigmund (D:2)
  Duvessa (D:4)
  Natasha (D:4)
  2 adders
  2 worms
  6 orcs (D:6)
  6 ball pythons
  2 bats
  6 endoplasms
  A giant cockroach (D:2)
  7 goblins
  10 hobgoblins
  4 jackals
  9 kobolds
  A quokka (D:1)
  5 rats
64 creatures vanquished.

Notes
Turn   | Place    | Note
-------+----------+-------------------------------------------
     0 | D:1      | GigaChad the Formicid Fighter began the quest for the Orb.
     0 | D:1      | Reached XP level 1. HP: 18/18 MP: 1/1
   129 | D:1      | Reached XP level 2. HP: 13/24 MP: 2/2
   629 | D:1      | Reached XP level 3. HP: 29/29 MP: 3/3
  1076 | D:2      | Found a burning altar of Makhleb.
  1101 | D:2      | Became a worshipper of Makhleb the Destroyer
  1210 | D:2      | Reached XP level 4. HP: 18/37 MP: 4/4
  1455 | D:2      | Found Roadoitz's Distillery.
  1455 | D:2      | Noticed Sigmund
  1463 | D:2      | Killed Sigmund
  1464 | D:2      | Reached XP level 5. HP: 37/42 MP: 5/5
  1464 | D:2      | Reached XP level 6. HP: 42/48 MP: 6/6
  1993 | D:2      | Identified a scroll of acquirement
  1994 | D:2      | Acquired a +2 broad axe of electrocution
  2088 | D:3      | Reached skill level 1 in Dodging
  2109 | D:3      | You fall into a shaft and drop 3 floors!
  2140 | D:6      | Found a snail-covered altar of Cheibriados.
  2221 | D:5      | Entered Level 5 of the Dungeon
  2311 | D:4      | Found a hide-covered altar of Uskayaw.
  2316 | D:4      | Noticed a +0 dagger
  2317 | D:4      | Noticed a +0 dagger
  2342 | D:4      | Found a burning altar of Makhleb.
  2342 | D:4      | Noticed a cacodemon
  2345 | D:4      | Noticed an orange demon
  2345 | D:4      | Noticed a ynoxinul
  2393 | D:4      | Reached * piety under Makhleb
  2621 | D:4      | Noticed Natasha
  2631 | D:4      | Killed Natasha
  2675 | D:4      | Noticed Duvessa
  2676 | D:4      | Noticed Dowan
  2689 | D:4      | Killed Duvessa
  2689 | D:4      | Killed from afar by Dowan

Illustrated notes

Levels and vault maps discovered:
D:1:      kilobyte_arrival_exit_the_forest, layout_basic
D:2:      cheibrodos_greedy_goblins, layout_basic, serial_shops, shop_fountains,
          basic_altar, uniq_sigmund
D:3:      layout_loops_ring, lemuel_coloured_pillars_altar,
          nzn_wu_jian_contemplation
D:4:      layout_basic, dancing_weapons_uskayaw, makhleb_altar_promises_db,
          enter_ossuary_2, uniq_natasha, uniq_duvessa
D:5:      layout_loops_cross, minmay_temple_entry_glass, uniq_menkaure
D:6:      layout_basic, mainiacjoe_overflow_paths,
          mainiacjoe_overflow_tiny_flanked, portal_sewer_entry_f, uniq_edmund

Skill      XL: |  1  2  3  4  5  6 |
---------------+-------------------+-----
Axes           | 4 |  4.5
Fighting       | 4 |  4.2
Armour         | 4 |  4.2
Dodging        | 1 |  1.1
Stealth        | |  0.8
Shields        | |  4.8

Action                     |  1- 3 |  4- 6 || total
---------------------------+-------+-------++-------
  Melee: War axe           |    92 |    68 ||   160
    Use: Scroll            |     2 |     2 ||     4
 Armour: Scale mail        |    44 |    27 ||    71
  Dodge: Dodged            |    37 |    23 ||    60
  Block: Buckler           |    22 |    12 ||    34
